BR (22 & UNDER)
PITTSBURGH KILLA BEEZ @ MONROE MALLARDS
07/17/2030
 
TOP OF THE 1ST
Pittsburgh Killa Beez batting - Pitching for Monroe Mallards : RHP Ronald Baker
Pitching: RHP Ronald Baker
Batting: RHB Bo Long 0-0: Ball
1-0: Ball
2-0: Swinging Strike
2-1: Foul Ball, location: 2F
2-2: Strikes out swinging
Batting: RHB Víctor Ochoa 0-0: Ball
1-0: Fly out, F8 (Flyball, 78M)
Batting: LHB Brian Lawson 0-0: Ball
1-0: Ball
2-0: Fly out, F9 (Flyball, 89M)
Top of the 1st over - 0 runs, 0 hits, 0 errors, 0 left on base; Pittsburgh 0 - Monroe 0
BOTTOM OF THE 1ST
Monroe Mallards batting - Pitching for Pittsburgh Killa Beez : RHP Xian-gan Xú
Pitching: RHP Xian-gan Xú
Batting: RHB Anselmo Espinoza 0-0: Ball
1-0: Called Strike
1-1: Ball
2-1: Ball
3-1: Base on Balls
Batting: RHB Rafael Rivera 0-0: Called Strike
0-1: Ball
1-1: Swinging Strike
1-2: Foul Ball, location: 2F
1-2: Strikes out swinging
Batting: RHB Shannon Watson 0-0: Ball
1-0: Foul Ball, location: 2F
1-1: Ball
2-1: Ball
3-1: Base on Balls
Anselmo Espinoza to second
Batting: LHB José Trindade 0-0: Called Strike
0-1: Foul Ball, location: 2F
0-2: Ball
1-2: Ball
2-2: Ball
3-2: Strikes out swinging
Batting: RHB David Leslie 0-0: Called Strike
0-1: Ball
1-1: Called Strike
1-2: Ball
2-2: Reached via error on a dropped throw, E1
Anselmo Espinoza to third
Shannon Watson to second
Batting: RHB Anthony O'Bryan 0-0: Ball
1-0: Ball
2-0: Swinging Strike
2-1: Ball
3-1: Swinging Strike
3-2: Strikes out swinging
Bottom of the 1st over - 0 runs, 0 hits, 1 error, 3 left on base; Pittsburgh 0 - Monroe 0
TOP OF THE 2ND
Pittsburgh Killa Beez batting - Pitching for Monroe Mallards : RHP Ronald Baker
Batting: RHB Inês Kappes 0-0: Foul Ball, location: 2F
0-1: Ball
1-1: Ball
2-1: Ball
3-1: Base on Balls
Batting: SHB José Castillo 0-0: Called Strike
0-1: Ball
1-1: Ball
2-1: TRIPLE (Flyball, 89XD)
Inês Kappes scores
Batting: RHB Darrell Krieger 0-0: Ground out 3-1 (Groundball, 23)
Batting: LHB José Cantú 0-0: Ball
1-0: Ball
2-0: Called Strike
2-1: Fly out, F9 (Flyball, 9LM)
Batting: RHB Mario Macías 0-0: Ground out 6-3 (Groundball, 56)
Top of the 2nd over - 1 run, 1 hit, 0 errors, 1 left on base; Pittsburgh 1 - Monroe 0
BOTTOM OF THE 2ND
Monroe Mallards batting - Pitching for Pittsburgh Killa Beez : RHP Xian-gan Xú
Batting: RHB Jorge Vázquez 0-0: Ball
1-0: Ball
2-0: SINGLE (Groundball, 3D)
Batting: RHB Benito Bo 0-0: Ball
1-0: Called Strike
1-1: Ground out 5-3 (Groundball, 56S)
Jorge Vázquez to second
Batting: RHB Jarrett Marshall 0-0: Ball
1-0: Ball
2-0: Ground out U3 (Groundball, 3S)
Jorge Vázquez to third
Batting: RHB Anselmo Espinoza 0-0: Foul Ball, location: 2F
0-1: Ball
1-1: Ball
2-1: Swinging Strike
2-2: Fly out, F8 (Flyball, 8LD)
Bottom of the 2nd over - 0 runs, 1 hit, 0 errors, 1 left on base; Pittsburgh 1 - Monroe 0
TOP OF THE 3RD
Pittsburgh Killa Beez batting - Pitching for Monroe Mallards : RHP Ronald Baker
Batting: SHB Manuel Cabrera 0-0: Called Strike
0-1: Foul Ball, location: 2F
0-2: Strikes out swinging
Batting: RHB Bo Long 0-0: Ball
1-0: Swinging Strike
1-1: Swinging Strike
1-2: Strikes out looking
Batting: RHB Víctor Ochoa 0-0: Foul Ball, location: 2F
0-1: Foul Ball, location: 2F
0-2: Ball
1-2: Ball
2-2: Strikes out swinging
Top of the 3rd over - 0 runs, 0 hits, 0 errors, 0 left on base; Pittsburgh 1 - Monroe 0
BOTTOM OF THE 3RD
Monroe Mallards batting - Pitching for Pittsburgh Killa Beez : RHP Xian-gan Xú
Batting: RHB Rafael Rivera 0-0: Foul Ball, location: 2F
0-1: Called Strike
0-2: DOUBLE (Line Drive, 78D)
Batting: RHB Shannon Watson 0-0: Called Strike
0-1: Called Strike
0-2: Ball
1-2: Foul Ball, location: 2F
1-2: Strikes out swinging
Batting: LHB José Trindade 0-0: Ground out 6-3 (Groundball, 6)
Batting: RHB David Leslie 0-0: Foul Ball, location: 2F
0-1: Swinging Strike
0-2: Ball
1-2: Foul Ball, location: 2F
1-2: Strikes out swinging
Bottom of the 3rd over - 0 runs, 1 hit, 0 errors, 1 left on base; Pittsburgh 1 - Monroe 0
TOP OF THE 4TH
Pittsburgh Killa Beez batting - Pitching for Monroe Mallards : RHP Ronald Baker
Batting: LHB Brian Lawson 0-0: Called Strike
0-1: Ball
1-1: Ball
2-1: Foul Ball, location: 2F
2-2: Ball
3-2: Foul Ball, location: 2F
3-2: Foul Ball, location: 2F
3-2: Foul Ball, location: 2F
3-2: SINGLE (Line Drive, 34)
Batting: RHB Inês Kappes 0-0: Ball
Wild Pitch!
Brian Lawson to second
1-0: Ball
2-0: Ball
3-0: Called Strike
3-1: Ground out 6-3 (Groundball, 6)
Batting: SHB José Castillo 0-0: Ground out 4-3 (Groundball, 34)
Brian Lawson to third
Batting: RHB Darrell Krieger 0-0: Ball
1-0: Called Strike
1-1: Ball
2-1: Ball
3-1: Fly out, F7 (Flyball, 78S)
Top of the 4th over - 0 runs, 1 hit, 0 errors, 1 left on base; Pittsburgh 1 - Monroe 0
BOTTOM OF THE 4TH
Monroe Mallards batting - Pitching for Pittsburgh Killa Beez : RHP Xian-gan Xú
Batting: RHB Anthony O'Bryan 0-0: Called Strike
0-1: Ball
1-1: Ball
2-1: Ball
3-1: Ground out 6-3 (Groundball, 6)
Batting: RHB Jorge Vázquez 0-0: Called Strike
0-1: Foul Ball, location: 2F
0-2: Fly out, F4 (Line Drive, 4M)
Batting: RHB Benito Bo 0-0: Ball
1-0: Ball
2-0: Ball
3-0: Base on Balls
Batting: RHB Jarrett Marshall 0-0: Ball
Balk!
Benito Bo to second
1-0: Swinging Strike
1-1: Foul Ball, location: 2F
1-2: Ball
2-2: Foul Ball, location: 2F
2-2: Ball
3-2: Fly out, F8 (Flyball, 8LD)
Bottom of the 4th over - 0 runs, 0 hits, 0 errors, 1 left on base; Pittsburgh 1 - Monroe 0
TOP OF THE 5TH
Pittsburgh Killa Beez batting - Pitching for Monroe Mallards : RHP Ronald Baker
Batting: LHB José Cantú 0-0: DOUBLE (Line Drive, 9LM)
Batting: RHB Mario Macías 0-0: Called Strike
0-1: Foul Ball, location: 2F
0-2: Foul Ball, location: 2F
0-2: Strikes out swinging
Batting: SHB Manuel Cabrera 0-0: Ball
1-0: Ground out 4-3 (Groundball, 4)
José Cantú to third
Batting: RHB Bo Long 0-0: Called Strike
0-1: Ball
1-1: Swinging Strike
1-2: Fly out, F3 (Popup, 3SF)
Top of the 5th over - 0 runs, 1 hit, 0 errors, 1 left on base; Pittsburgh 1 - Monroe 0
BOTTOM OF THE 5TH
Monroe Mallards batting - Pitching for Pittsburgh Killa Beez : RHP Xian-gan Xú
Batting: RHB Anselmo Espinoza 0-0: Ball
1-0: Fly out, F7 (Flyball, 78D)
Batting: RHB Rafael Rivera 0-0: Called Strike
0-1: Ground out 4-3 (Groundball, 4)
Batting: RHB Shannon Watson 0-0: Called Strike
0-1: Swinging Strike
0-2: Ball
1-2: Ball
2-2: Strikes out swinging
Bottom of the 5th over - 0 runs, 0 hits, 0 errors, 0 left on base; Pittsburgh 1 - Monroe 0
TOP OF THE 6TH
Pittsburgh Killa Beez batting - Pitching for Monroe Mallards : RHP Ronald Baker
Batting: RHB Víctor Ochoa 0-0: Ball
1-0: Ball
2-0: Foul Ball, location: 2F
2-1: SINGLE (Groundball, 4MD)
Batting: LHB Brian Lawson 0-0: Called Strike
0-1: Ball
1-1: Foul Ball, location: 2F
1-2: Ball
2-2: Grounds into double play, 4-6-3 (Groundball, 4)
Batting: RHB Inês Kappes 0-0: Foul Ball, location: 2F
0-1: Ball
1-1: Ball
2-1: Swinging Strike
2-2: Ground out 5-3 (Groundball, 56)
Top of the 6th over - 0 runs, 1 hit, 0 errors, 0 left on base; Pittsburgh 1 - Monroe 0
BOTTOM OF THE 6TH
Monroe Mallards batting - Pitching for Pittsburgh Killa Beez : RHP Xian-gan Xú
Batting: LHB José Trindade 0-0: Ball
1-0: Swinging Strike
1-1: Foul Ball, location: 2F
1-2: Foul Ball, location: 2F
1-2: Ball
2-2: Single, Error in OF, E9, batter to second base
Batting: RHB David Leslie 0-0: Ball
1-0: Foul Ball, location: 2F
1-1: Ball
2-1: Called Strike
2-2: Fly out, F4 (Popup, 4D)
Batting: RHB Anthony O'Bryan 0-0: Foul Ball, location: 2F
0-1: Ball
1-1: Ground out 4-3 (Groundball, 4)
José Trindade to third
Batting: RHB Jorge Vázquez 0-0: Ball
1-0: Foul Ball, location: 2F
1-1: SINGLE (Line Drive, 34)
José Trindade scores
Batting: RHB Benito Bo 0-0: Called Strike
0-1: Called Strike
0-2: SINGLE (Line Drive, 34D)
Jorge Vázquez to second
Batting: RHB Jarrett Marshall 0-0: Foul Ball, location: 2F
0-1: Foul Ball, location: 2F
0-2: Strikes out swinging
Bottom of the 6th over - 1 run, 3 hits, 1 error, 2 left on base; Pittsburgh 1 - Monroe 1
TOP OF THE 7TH
Pittsburgh Killa Beez batting - Pitching for Monroe Mallards : RHP Ronald Baker
Batting: SHB José Castillo 0-0: Ball
1-0: Ball
2-0: Swinging Strike
2-1: Ball
3-1: Base on Balls
Pitching: LHP Roberto Mercado
Batting: RHB Darrell Krieger 0-0: Ball
1-0: Called Strike
1-1: Ball
2-1: Ball
3-1: Called Strike
3-2: Foul Ball, location: 2F
3-2: Foul Ball, location: 2F
3-2: Fly out, F8 (Flyball, 8LD)
Pinch Hitting: LHB Argaw Mwita 0-0: Swinging Strike
0-1: Swinging Strike
0-2: Ball
1-2: Foul Ball, location: 2F
1-2: Ball
2-2: Foul Ball, location: 2F
2-2: Strikes out swinging
Batting: RHB Mario Macías 0-0: Fielders Choice at 2nd, 6-4 (Groundball, 6)
Top of the 7th over - 0 runs, 0 hits, 0 errors, 1 left on base; Pittsburgh 1 - Monroe 1
BOTTOM OF THE 7TH
Monroe Mallards batting - Pitching for Pittsburgh Killa Beez : RHP Xian-gan Xú
Pitching: RHP Benoît Coulombe
Now in LF: Ricardo Silva
Batting: RHB Anselmo Espinoza 0-0: Ball
1-0: TRIPLE (Flyball, 78D)
Batting: RHB Rafael Rivera 0-0: Intentional Walk
Batting: RHB Shannon Watson 0-0: Fly out, F9 (Flyball, 9S)
Batting: LHB José Trindade 0-0: Ball
1-0: Foul Ball, location: 2F
1-1: Ball
2-1: SINGLE (Groundball, 34D)
Anselmo Espinoza scores
Rafael Rivera to second
Runner from 2nd tries for 3rd, SAFE, no throw
Batting: RHB David Leslie 0-0: Ball
1-0: Ball
José Trindade steals 2nd base
2-0: Swinging Strike
2-1: Foul Ball, location: 2F
2-2: Foul Ball, location: 2F
2-2: SINGLE (Groundball, 34D)
Rafael Rivera scores
José Trindade to third
Runner from 3rd tries for Home, throw and OUT!
Pitching: RHP Jesús Escobedo
Batting: RHB Anthony O'Bryan 0-0: Ball
1-0: Called Strike
1-1: Ball
2-1: Called Strike
2-2: Foul Ball, location: 2F
2-2: Ball
3-2: Fly out, F6 (Line Drive, 6M)
Bottom of the 7th over - 2 runs, 3 hits, 0 errors, 1 left on base; Pittsburgh 1 - Monroe 3
TOP OF THE 8TH
Pittsburgh Killa Beez batting - Pitching for Monroe Mallards : LHP Roberto Mercado
Batting: SHB Manuel Cabrera 0-0: SOLO HOME RUN (Flyball, 7D), Distance : 356 ft
Batting: RHB Bo Long 0-0: Called Strike
0-1: Ball
1-1: Foul Ball, location: 2F
1-2: Ball
2-2: Foul Ball, location: 2F
2-2: Ball
3-2: Base on Balls
Batting: RHB Víctor Ochoa 0-0: Ball
1-0: Fly out, F8 (Flyball, 89D)
Batting: LHB Brian Lawson 0-0: Foul Ball, location: 2F
0-1: Foul Ball, location: 2F
0-2: Strikes out looking
Batting: RHB Inês Kappes 0-0: Ball
1-0: Swinging Strike
1-1: Ball
2-1: Ball
3-1: Foul Ball, location: 2F
3-2: Foul Ball, location: 2F
3-2: Strikes out swinging
Top of the 8th over - 1 run, 1 hit, 0 errors, 1 left on base; Pittsburgh 2 - Monroe 3
BOTTOM OF THE 8TH
Monroe Mallards batting - Pitching for Pittsburgh Killa Beez : RHP Jesús Escobedo
Batting: RHB Jorge Vázquez 0-0: Ball
1-0: Called Strike
1-1: Called Strike
1-2: Strikes out swinging
Batting: RHB Benito Bo 0-0: Fly out, F9 (Flyball, 9LM)
Batting: RHB Jarrett Marshall 0-0: Called Strike
0-1: Foul Ball, location: 2F
0-2: Foul Ball, location: 2F
0-2: Ball
1-2: SINGLE (Line Drive, 6D)
Batting: RHB Anselmo Espinoza 0-0: Called Strike
Jarrett Marshall steals 2nd base
0-1: Swinging Strike
0-2: Ball
1-2: Fly out, F9 (Flyball, 9LM)
Bottom of the 8th over - 0 runs, 1 hit, 0 errors, 1 left on base; Pittsburgh 2 - Monroe 3
TOP OF THE 9TH
Pittsburgh Killa Beez batting - Pitching for Monroe Mallards : LHP Roberto Mercado
Batting: SHB José Castillo 0-0: Called Strike
0-1: Ball
1-1: Ball
2-1: Foul Ball, location: 2F
2-2: Strikes out swinging
Batting: RHB Darrell Krieger 0-0: Ball
1-0: Ball
2-0: Ball
3-0: Called Strike
3-1: Base on Balls
Pinch Runner at 1st Javier Pérez:
Batting: SHB Ricardo Silva 0-0: Fly out, F9 (Flyball, 9)
Batting: RHB Mario Macías 0-0: Ball
1-0: Foul Ball, location: 2F
1-1: Called Strike
1-2: Strikes out swinging
Top of the 9th over - 0 runs, 0 hits, 0 errors, 1 left on base; Pittsburgh 2 - Monroe 3
Saturday, April 7th, 2018 - OOTP Baseball 18.8 Build 76